 Dungeon Crawl Stone Soup version 0.27.1-2-g3b301248ec (webtiles) character file.

Game seed: 14160734864259036339

45 vvl the Caller (level 3, -3/20 HPs)
             Began as a Kobold Summoner on Sept 29, 2021.
             Killed from afar by an orc wizard (10 damage)
             ... with a puff of flame
             ... on level 3 of the Dungeon.
             The game lasted 00:05:27 (2588 turns).

vvl the Caller (Kobold Summoner)                    Turns: 2588, Time: 00:05:28

Health: -3/20      AC:  2    Str:  5    XL:     3   Next: 90%
Magic:  5/6        EV: 15    Int: 17    God:
Gold:   49         SH:  0    Dex: 15    Spells: 5/6 levels left

rFire    . . .     SeeInvis .   c - +0 dagger
rCold    . . .     Faith    .   (shield restricted)
rNeg     . . .     Spirit   .   a - +0 robe
rPois    .         Reflect  .   (no helmet)
rElec    .         Harm     .   (no cloak)
rCorr    .         Rampage  .   (no gloves)
Will     .....                  (no boots)
Stlth    +++.......             (no amulet)
HPRegen  0.06/turn              (no ring)
MPRegen  0.10/turn              (no ring)

@: no status effects
A: small, no large weapons, nightstalker 3
a: no special abilities


You were on level 3 of the Dungeon.
You visited 1 branch of the dungeon, and saw 3 of its levels.

You collected 49 gold pieces.

Inventory:

Hand Weapons
 c - a +0 dagger (weapon)
Armour
 a - a +0 robe (worn)
Scrolls
 b - 3 scrolls of teleportation {unknown}
 f - a scroll of silence {unknown}
 i - 2 scrolls of amnesia {unknown}
 j - a scroll of identify {unknown}
 l - a scroll of vulnerability {unknown}
Potions
 d - a potion of curing {unknown}
 e - 2 potions of brilliance {unknown}
 g - a potion of degeneration {unknown}
 h - a potion of flight {unknown}
 k - a potion of attraction {unknown}


   Skills:
 + Level 1.0 Fighting
 + Level 1.1 Short Blades
 + Level 0.9 Crossbows
 + Level 0.6 Armour
 + Level 2.8 Dodging
 - Level 3.0 Stealth
 + Level 2.4 Spellcasting
 + Level 4.2 Summonings
 + Level 0.0 Necromancy
 + Level 0.4 Invocations


You had 5 spell levels left.
You knew the following spells:

 Your Spells              Type           Power      Damage    Failure   Level
a - Summon Small Mammal   Summ           64%        N/A       3%          1

Your spell library contained the following spells:

 Spells                   Type           Power      Damage    Failure   Level
 Call Imp                 Summ           16%        N/A       4%          2
 Call Canine Familiar     Summ           16%        N/A       10%         3
 Summon Guardian Golem    Hex/Summ       9%         N/A       24%         3
 Summon Lightning Spire   Summ/Air       9%         N/A       61%         4


Dungeon Overview and Level Annotations

Branches:
Dungeon (3/15)

Altars:
Vehumet


Innate Abilities, Weirdness & Mutations

You are small and have problems with some larger weapons.
You are completely attuned to the shadows.


Message History

Deactivating autopickup; reactivate with Ctrl-A.
You hit something but do no damage.
Your bat hits something but does no damage.
You hear some strange, mumbled words.
You are confused.
Unknown command.
Are you sure you want to stumble around while confused and next to your rat? [Y]es or [N]o only, please.
Are you sure you want to stumble around while confused and next to your rat?
You completely miss something. Something barely misses you.
Your bat hits something but does no damage.
Are you sure you want to stumble around while confused and next to your bat?
Your bat closely misses something.
Something closely misses your bat.
Are you sure you want to stumble around while confused and next to your rat?
Your bat barely misses something.
Are you sure you want to stumble around while confused and next to your rat? [Y]es or [N]o only, please.
Are you sure you want to stumble around while confused and next to your rat?
Your bat barely misses something.
Something hits your bat.
Your bat dies!
Your bat's corpse disappears in a puff of smoke!
You hear a shout!
You start resting.
You feel less confused.
You start resting.
Something hits your rat.
You start resting.
Something hits your rat.
Your rat dies!
Your rat's corpse disappears in a puff of smoke!
There is a strange disturbance nearby!
There is a strange disturbance nearby!
There is a strange disturbance nearby!
Something hits you.
You completely miss something. Something hits you but does no damage.
You hit something but do no damage. Something hits you.
You hit something but do no damage.
You hear some strange, mumbled words.
A puff of flame appears from out of thin air!
The puff of flame hits you!
Ouch! That really hurt!
You die...

#.# #.# ### #.#
..# ########.##
....##.........#
#.....#.#########
#.⌠.⌠.#.#
+..⌠....#
#.⌠.⌠.#.# ##
#..{@.###
#..#....##
#_.'...##
#..#..## #######


There were no monsters in sight!

Vanquished Creatures
  2 dart slugs
  A ball python (D:2)
  2 giant cockroaches
  4 goblins (D:2)
  3 hobgoblins
  A quokka (D:2)
  A bat (D:1)
  A kobold (D:2)
  4 rats
19 creatures vanquished.

Vanquished Creatures (collateral kills)
  2 adders (D:2)
  A bat (D:1)
  2 giant cockroaches
  A goblin (D:1)
  2 hobgoblins (D:1)
  A quokka (D:2)
  A ball python (D:1)
  A frilled lizard (D:2)
  2 kobolds (D:1)
13 creatures vanquished.

Grand Total: 32 creatures vanquished

Notes
Turn   | Place    | Note
-------+----------+-------------------------------------------
     0 | D:1      | vvl the Kobold Summoner began the quest for the Orb.
     0 | D:1      | Reached XP level 1. HP: 10/10 MP: 3/3
   143 | D:1      | Found a faded altar of an unknown god.
   236 | D:1      | Reached XP level 2. HP: 15/15 MP: 5/5
  1036 | D:2      | Reached skill level 1 in Short Blades
  1036 | D:2      | Reached XP level 3. HP: 1/20 MP: 3/6
  1939 | D:2      | Reached skill level 1 in Fighting
  2552 | D:3      | Found a radiant altar of Vehumet.
  2588 | D:3      | Killed from afar by an orc wizard

Illustrated notes

Levels and vault maps discovered:
D:1:      sevenhm_arrival_forest_fort_small_6, layout_rooms,
          dreamdust_ecumenical_altar_statues
D:2:      layout_loops_cross, kennysheep_generic_room_12
D:3:      layout_basic, palyth_temple_overflow_mages

Skill      XL: |  1  2  3 |
---------------+----------+-----
Short Blades   | 1 |  1.1
Stealth        | 3 |  3.0
Fighting       | 1 |  1.0
Crossbows      | |  0.9
Armour         | |  0.6
Dodging        | |  2.8
Spellcasting   | |  2.4
Summonings     | |  4.2
Invocations    | |  0.4

Action                   || total
-------------------------++-------
Melee: Unarmed           ||     4
       Dagger            ||   106
 Cast: Summon Small Mamm ||    27
 Stab: Sleeping          ||    12
Armor: Robe              ||    10
Dodge: Dodged            ||    86
